 Dungeon Crawl Stone Soup version 0.31-a0-691-g409c26aa35 (webtiles) character file.

Game seed: 5650420607211567976

187 jlumianski the Trooper (level 5, 0/41 HPs)
             Began as a Demonspawn Fighter on Sept 5, 2023.
             Killed by divine providence
             ... invoked by an orc priest
              (12 damage)
             ... on level 3 of the Dungeon on Sept 7, 2023.
             The game lasted 00:15:38 (2178 turns).

jlumianski the Trooper (Demonspawn Fighter)         Turns: 2178, Time: 00:15:39

Health: 0/41       AC:  8    Str: 18    XL:     5   Next: 39%
Magic:  5/5        EV:  9    Int: 10    God:
Gold:   109        SH:  4    Dex: 12    Spells: 4/4 levels left

rFire   + . .        a - +0 war axe
rCold   . . .        c - +0 buckler
rNeg    . . .        b - +0 scale mail
rPois   .            (helmet restricted)
rElec   .            (no cloak)
rCorr   .            (no gloves)
SInv    .            (no boots)
Will    .....        (no amulet) Stlth
                     i - ring of wizardry
HPRegen 0.26/turn    (no ring)
MPRegen 0.09/turn

%: wizardry (x1)
@: mighty
A: horns 2, slimy green scales 1, fire resistance 1, subdued magic 1
a: no special abilities


You were on level 3 of the Dungeon.
You visited 1 branch of the dungeon, and saw 4 of its levels.

You collected 109 gold pieces.

Inventory:

Hand Weapons
 a - a +0 war axe (weapon)
 n - a +1 dagger of electrocution
Missiles
 e - 18 stones
 k - 4 javelins (quivered)
 m - 2 poisoned darts
Armour
 b - a +0 scale mail (worn)
 c - a +0 buckler (worn)
Magical Staves
 f - a staff of poison
Jewellery
 i - a ring of wizardry (left hand)
Scrolls
 g - a scroll of torment {unknown}
 h - 2 scrolls of identify {unknown}
 j - 2 scrolls of blinking {unknown}
Potions
 l - a potion of attraction {unknown}


   Skills:
 * Level 3.5 Fighting
 + Level 3.3 Axes
 + Level 3.4 Armour
 + Level 1.0 Dodging
 - Level 0.8 Stealth
 + Level 3.4 Shields


You had 4 spell levels left.
You didn't know any spells.
Your spell library contained the following spells:

 Spells                   Type           Power      Damage    Failure   Level
 Ensorcelled Hibernation  Hex/Ice        0%         N/A       58%         2
 Passwall                 Tmut/Erth      0%         N/A       58%         2
 Swiftness                Air            0%         N/A       82%         3


Dungeon Overview and Level Annotations

Branches:
Dungeon (4/15)
 Temple: D:4-7

Altars:
Uskayaw

Annotations:
D:2 Sigmund
D:3 Robin
D:4 1 transporter, Age's ghost, weakling MiFi


Innate Abilities, Weirdness & Mutations

You have a pair of horns on your head.
You are partially covered in slimy green scales. (AC +2)
Your flesh is heat resistant. (rF+)
Your spells are a little easier to cast, but a little less powerful.


Message History

Okay, then.
Unknown command.
Unknown command.
HP restored.
Things that are here:
a +0 sling; a goblin corpse An orc wizard comes into view.
It is wielding a +0 dagger.
The orc wizard shouts!
You hear a shout! x2
The orc wizard moves out of view. 2 orcs and an orc priest come into view.
The orc shouts! x2; The orc priest shouts!
The orc priest mumbles some strange prayers to Beogh against you.
Beogh smites you!
You barely miss the orc wizard. The orc wizard barely misses you.
You barely miss the orc. You closely miss the orc wizard.
The orc wizard points at you and mumbles some strange words.
You are confused.
You slash the orc priest!
The orc priest is almost dead.
You hit the orc wizard. You closely miss the orc.
The orc hits you but does no damage.
The orc wizard hits you with a +0 dagger.
You bump into the rock wall.
The orc closely misses you.
The orc wizard hits you but does no damage.
You hit the orc.
The orc is heavily wounded.
You miss the orc wizard. You closely miss the orc. The orc closely misses you.
The orc wizard hits you but does no damage.
The orc hits you but does no damage.
You bump into the rock wall.
The orc hits you with a +0 hand axe.
The orc priest calls down the wrath of Beogh upon you.
Beogh smites you!
The orc wizard hits you with a +0 dagger.
* * * LOW HITPOINT WARNING * * *
The orc hits you but does no damage.
You feel very mighty all of a sudden.
You feel less confused. The orc hits you but does no damage.
The orc wizard closely misses you.
The orc priest mumbles some strange prayers to Beogh against you.
Beogh smites you!
You die...

#.# ..# ### # # #
#### ##########
.....
#........#####
##...#o##.........#
#...oo@##.###.###.#
......#o##.#
#.###.#
####.##.##.#
#.....# ... ..##.#
#####.# ### ####.#
#.# ### #.#######.#
#.. # #.........#
#.# .# #########.#
#.# .# #.#


You could see an orc priest, an orc wizard and 2 orcs.

Vanquished Creatures
  A hound (D:3)
  Terence (D:2)
  5 adders (D:3)
  A gnoll (D:3)
  A shadow imp (D:3)
  An ufetubus (D:3)
  2 dart slugs
  8 endoplasms
  A giant cockroach (D:3)
  14 goblins
  8 hobgoblins
  4 kobolds
  A quokka (D:1)
  3 ball pythons
  2 bats
  A frilled lizard (D:3)
  3 rats (D:1)
57 creatures vanquished.

Notes
Turn   | Place    | Note
-------+----------+-------------------------------------------
     0 | D:1      | jlumianski the Demonspawn Fighter began the quest for the
                  | Orb.
     0 | D:1      | Reached XP level 1. HP: 18/18 MP: 1/1
   172 | D:1      | Gained mutation: You have a pair of small horns on your
                  | head. [demonic ancestry]
   172 | D:1      | Reached XP level 2. HP: 24/24 MP: 2/2
   943 | D:2      | Found a faded altar of an unknown god.
  1013 | D:2      | Noticed Sigmund
  1096 | D:3      | Gained mutation: You have a pair of horns on your head.
                  | [demonic ancestry]
  1096 | D:3      | Reached XP level 3. HP: 24/29 MP: 3/3
  1154 | D:4      | Noticed Age's ghost (weakling MiFi)
  1154 | D:4      | Found a transporter.
  1263 | D:3      | Reached XP level 4. HP: 25/35 MP: 4/4
  1316 | D:4      | Found a hide-covered altar of Uskayaw.
  1358 | D:4      | Noticed Robin
  1557 | D:4      | Noticed a scorpion
  1740 | D:2      | Noticed Terence
  1752 | D:2      | Killed Terence
  1753 | D:2      | Gained mutation: You are partially covered in slimy green
                  | scales. (AC +2) [demonic ancestry]
  1753 | D:2      | Reached XP level 5. HP: 38/41 MP: 5/5
  1809 | D:2      | Gained mutation: Your spells are a little easier to cast,
                  | but a little less powerful. [potion of mutation]
  1809 | D:2      | Gained mutation: Your flesh is heat resistant. (rF+)
                  | [potion of mutation]
  1811 | D:2      | You fall into a shaft and drop 2 floors!
  1874 | D:3      | Upgraded the game from 0.31-a0-675-g238779eb0a to
                  | 0.31-a0-691-g409c26aa35
  2080 | D:3      | Reached skill level 1 in Dodging
  2178 | D:3      | Killed from afar by an orc priest

Illustrated notes

Levels and vault maps discovered:
D:1:      heliophobic_arrival_battle_scene, layout_loops_ring, serial_forest,
          infiniplex_forest_lined_corner, infiniplex_forest_clump_cross,
          infiniplex_forest_straight_2, infiniplex_forest_straight_2,
          infiniplex_forest_pool, infiniplex_forest_straight_4,
          minmay_misc_feat_enclosed, amcnicky_mini_pool_small
D:2:      layout_loops_cross, ebering_ecumenical_altar_abandoned,
          nicolae_underground_beach, uniq_sigmund, uniq_terence
D:3:      layout_loops_corners, hangedman_decor_points, grunt_ministairs_10,
          minmay_misc_feat_iff
D:4:      layout_basic, mainiacjoe_overflow_small_starburst,
          gammafunk_ghost_mausoleum, uniq_robin

Skill      XL: |  1  2  3  4  5 |
---------------+----------------+-----
Armour         | 3 |  3.4
Axes           | 2 3 |  3.3
Shields        | 3 |  3.4
Dodging        | 1 |  1.0
Fighting       | |  3.5
Stealth        | |  0.8

Action                     |  1- 3 |  4- 6 || total
---------------------------+-------+-------++-------
  Melee: War axe           |    85 |    65 ||   150
         Headbutt          |     6 |     9 ||    15
  Throw: Javelin           |       |     1 ||     1
    Use: Potion            |       |     4 ||     4
 Armour: Scale mail        |    68 |    96 ||   164
  Dodge: Dodged            |    54 |    42 ||    96
  Block: Buckler           |    20 |    12 ||    32

Table legend: (Time is in decaauts)
 A = Elapsed time spent in this place.
 B = Non-inter-level travel time spent in this place.
 C = Inter-level travel time spent in this place.
 D = Time resting spent in this place.
 E = Time spent auto-exploring this place.
 F = Levels seen in this place.
 G = Mean time per level.
                   A        B        C        D        E       F      G
               +--------+--------+--------+--------+--------+-----+--------+
         Total |   2258 |   2225 |     33 |    255 |    757 |   4 |  564.5 |
       Dungeon |   2258 |   2225 |     33 |    255 |    757 |   4 |  564.5 |
               +--------+--------+--------+--------+--------+-----+--------+

Top non-repeatable levels by time:
     D:1: 968 daAuts
     D:3: 870 daAuts
     D:2: 311 daAuts
     D:4: 107 daAuts
